 Dungeon Crawl Stone Soup version 0.16-a0-2461-ge8ce426 (webtiles) character file.

2384 Ratboiler the Unseen (level 9, -14/66 HPs)
             Began as a Vampire Assassin on Nov 19, 2014.
             Was a Believer of Makhleb.
             Killed by an exploding giant spore (36 damage)
             ... on level 8 of the Dungeon.
             The game lasted 00:29:43 (8922 turns).

Ratboiler the Unseen (Vampire Assassin)             Turns: 8922, Time: 00:29:44

Health: -14/66     AC:  6    Str: 15    XL:     9   Next: 22%
Magic:  9/9        EV: 14    Int: 13    God:    Makhleb [**....]
Gold:   245        SH:  4    Dex: 18    Spells: 0 memorised, 8 levels left

rFire  . . .     SeeInvis +     F - +0 dagger (venom)
rCold  . . .     Clarity  .     E - +0 leather armour
rNeg   + . .     SustAb   .     J - +0 buckler
rPois  .         Gourm    .     (no helmet)
rElec  .         Spirit   .     d - +1 cloak
rCorr  .         Warding  .     o - +0 pair of gloves
rMut   .         Stasis   .     (no boots)
MR     .....                    (no amulet)
Stlth  +++++++...               (no ring)
                                K - ring of teleport control

@: mighty, not resistant to hostile enchantments, extremely stealthy
A: bottle blood, fangs 3, see invisible, unbreathing
a: Bat Form, Minor Destruction, Renounce Religion, Evoke Teleport Control


You were on level 8 of the Dungeon.
You worshipped Makhleb.
Makhleb was pleased with you.
You were not thirsty.

You visited 2 branches of the dungeon, and saw 9 of its levels.

You collected 245 gold pieces.

Inventory:

Hand weapons
 a - a +3 dagger
 b - a +0 blowgun
 p - a +0 hunting sling
 A - a +0 arbalest
 C - a +0 scimitar
 F - a +0 dagger of venom (weapon)
Missiles
 e - 28 poisoned needles
 f - 10 curare-tipped needles
 h - 78 stones (quivered)
 j - 18 bolts
 G - 22 arrows
Armour
 d - a +1 cloak (worn)
 k - a +0 ring mail
 o - a +0 pair of gloves (worn)
 E - a +0 leather armour (worn)
 J - a +0 buckler (worn)
Jewellery
 x - an uncursed ring of ice
 K - a ring of teleport control (left hand)
Scrolls
 l - a scroll of enchant armour
 m - 2 scrolls of recharging {unknown}
 n - a scroll of immolation {unknown}
 q - 2 scrolls of amnesia {unknown}
 r - a scroll of noise {unknown}
 s - a scroll of remove curse
 u - a scroll of fog {unknown}
 w - a scroll of magic mapping
 y - a scroll of enchant weapon {unknown}
 z - 2 scrolls of fear {unknown}
 B - a scroll of random uselessness {unknown}
 D - a scroll of teleportation {unknown}
Potions
 c - a potion of agility
 g - 4 potions of blood
 i - a potion of curing
 t - 2 potions of mutation
 v - a potion of cancellation
 H - a potion of brilliance


   Skills:
 + Level 4.6 Fighting
 - Level 10.3 Short Blades
 - Level 1.5 Throwing
 + Level 5.3 Dodging
 - Level 15.3 Stealth


You had 8 spell levels left.
You didn't know any spells.

Dungeon Overview and Level Annotations

Branches:
Dungeon (8/15)             Temple (1/1) D:5
   Lair: D:8-11

Altars:
Ashenzari
Cheibriados
Dithmenos
Elyvilon
Fedhas
Gozag
Kikubaaqudgha
Makhleb
Nemelex Xobeh
Qazlal
Ru
Trog
Vehumet
Xom
Yredelemnul
Zin
The Shining One
Lugonu

Annotations:
D:4 exclusion: statue
D:8 Erolcha


Innate Abilities, Weirdness & Mutations

You can bottle blood from corpses.
You have razor-sharp teeth.
You have supernaturally acute eyesight.
You can survive without breathing.


Message History

* * * LOW HITPOINT WARNING * * *
There is a stone staircase leading down here.
You see here an arrow.
Erolcha screams, "Erolcha happy to kill you!"
Erolcha zaps a wand.
Some rock shatters into small pieces.
It is a wand of digging.
Drink which item? (? for menu, Esc to quit)
Okay, then.
Read which item? (? for menu, Esc to quit)
Okay, then.
Drink which item? (? for menu, Esc to quit)
You feel better.
The giant spore explodes!
Erolcha appears confused.
The explosion of spores engulfs Erolcha.
The centaur appears confused.
The explosion of spores engulfs the centaur.
The explosion of spores engulfs you!
Ouch! That really hurt!
You die...

·▒▒▒▒▒ ·▒ ▒··▒ ······▒▒▒▒·▒
▒··▒
▒▒·▒···▒▒··!▒▒▒▒▒▒▒▒▒··▒▒
▒▒························
··············%···▒·····▒
▒·············▒▒>···|··▒▒♣
▒·············▒▒▒······▒·♣
▒···a··O>·$··▒▒······▒·▒·♣
·····▒···c·@··▒·······▒▒·▒··
· ▒▒▒··▒·$···▒······▒····
▒·▒▒··············▒▒▒
▒·▒▒·$·▒·······)··▒
··▒▒▒·▒·····(··<▒··▒
···▒▒·$·▒···()··▒▒··▒
····▒$·$▒·····▒▒▒▒··▒
····▒▒8_8▒·(···▒▒▒▒··· ·(··
▒▒▒▒▒·············


You could see Erolcha (confused), a centaur (confused) and a worker ant.

Vanquished Creatures
  A hungry ghost (D:7)
  A wyvern (D:7)
  An ice beast (D:7)
  Duvessa (D:8)
  A centaur (D:6)
  2 ogres
  2 giant frogs (D:6)
  A scorpion (D:6)
  5 wights (D:7)
  Dowan (D:8)
  A crimson imp (D:5)
  A goliath beetle (D:6)
  3 orc priests
  A giant frog skeleton (D:6)
  4 hounds
  2 iguanas
  A gnoll shaman (D:6)
  5 orc wizards
  4 worker ants
  2 hound zombies
  10 adders
  14 gnolls
  A giant mite (D:3)
  A shadow imp (D:6)
  3 worms
  5 giant geckos
  2 oozes
  37 orcs
  A bat skeleton (D:4)
  A bat zombie (D:7)
  9 giant cockroaches
  9 hobgoblins
  20 kobolds
  3 quokkas
  3 ball pythons
  15 bats
  5 giant newts
  21 goblins
  8 jackals
  2 jackal zombies (D:6)
  A quokka zombie (D:3)
  13 rats
224 creatures vanquished.

Notes
Turn   | Place    | Note
--------------------------------------------------------------
     0 | D:1      | Ratboiler, the Vampire Assassin, began the quest for the Orb.
     0 | D:1      | Reached XP level 1. HP: 16/16 MP: 1/1
    48 | D:1      | Reached skill level 6 in Stealth
   296 | D:1      | Reached XP level 2. HP: 22/22 MP: 2/2
   853 | D:1      | Reached XP level 3. HP: 23/27 MP: 3/3
  1283 | D:2      | Reached skill level 7 in Stealth
  1900 | D:3      | Reached XP level 4. HP: 33/33 MP: 4/4
  2038 | D:3      | Found a burning altar of Makhleb.
  2656 | D:3      | Reached XP level 5. HP: 38/38 MP: 5/5
  2665 | D:3      | Reached skill level 8 in Stealth
  2873 | D:3      | Reached skill level 10 in Short Blades
  2873 | D:3      | Reached skill level 14 in Stealth
  2873 | D:3      | Reached XP level 6. HP: 44/44 MP: 6/6
  3258 | D:4      | Found a radiant altar of Vehumet.
  3882 | D:4      | Reached XP level 7. HP: 45/50 MP: 7/7
  4006 | D:4      | Found a shattered altar of Ashenzari.
  4006 | D:4      | Found a sparkling altar of Nemelex Xobeh.
  4268 | D:4      | Found a glowing golden altar of the Shining One.
  4434 | D:5      | Entered Level 5 of the Dungeon
  4971 | D:5      | Found a staircase to the Ecumenical Temple.
  5049 | Temple   | Entered the Ecumenical Temple
  5209 | D:3      | Became a worshipper of Makhleb the Destroyer
  6073 | D:6      | Reached skill level 15 in Stealth
  6078 | D:6      | Reached XP level 8. HP: 56/58 MP: 8/8
  6089 | D:6      | Acquired Makhleb's first power
  7420 | D:7      | Acquired Makhleb's second power
  7832 | D:7      | Found a white marble altar of Elyvilon.
  7832 | D:7      | Found a snail-covered altar of Cheibriados.
  7847 | D:7      | Found a shadowy altar of Dithmenos.
  7930 | D:7      | Reached XP level 9. HP: 65/65 MP: 9/9
  8089 | D:7      | Noticed a moth of wrath
  8092 | D:7      | Found a bloodstained altar of Trog.
  8522 | D:8      | Reached skill level 5 in Dodging
  8780 | D:8      | Noticed Dowan
  8789 | D:8      | Noticed Duvessa
  8804 | D:8      | Killed Dowan
  8808 | D:8      | Killed Duvessa
  8910 | D:8      | Found an opulent altar of Gozag.
  8915 | D:8      | Noticed Erolcha
  8922 | D:8      | Killed by an exploding giant spore

Action                   |  1- 3 |  4- 6 |  7- 9 || total
-------------------------+-------+-------+-------++-------
Melee: Dagger            |   101 |   241 |   468 ||   810
       Rapier            |       |       |    53 ||    53
 Fire: Blowgun           |     6 |    15 |    65 ||    86
  Use: Potion            |     2 |    12 |    12 ||    26
       Scroll            |       |     5 |     8 ||    13
 Stab: Sleeping          |    18 |     8 |    33 ||    59
       Distracted        |     1 |     2 |     4 ||     7
